 Dungeon Crawl Stone Soup version 0.29.1-1-gd02db6906a (webtiles) character file.

Game seed: 6641275307303636075

46 keekatzer the Sneak (level 3, -1/21 HPs)
             Began as a Kobold Enchanter on Sept 24, 2022.
             Slain by Crazy Yiuf
             ... wielding a +3 quarterstaff of chaos
              (5 damage)
             ... on level 2 of the Dungeon.
             The game lasted 00:06:19 (1221 turns).

keekatzer the Sneak (Kobold Enchanter)              Turns: 1221, Time: 00:06:19

Health: -1/21      AC:  2    Str:  5    XL:     3   Next: 92%
Magic:  6/6        EV: 15    Int: 16    God:
Gold:   100        SH:  0    Dex: 17    Spells: 4/6 levels left

rFire   . . .      SeeInvis .   a - +1 dagger
rCold   . . .      Faith    .   (no shield)
rNeg    . . .      Spirit   .   h - +0 robe
rPois   .          Reflect  .   (no helmet)
rElec   .          Harm     .   (no cloak)
rCorr   .          Rampage  .   (no gloves)
Will    .....                   (no boots)
Stlth   ++++......              (no amulet)
HPRegen 0.07/turn               (no ring)
MPRegen 0.10/turn               (no ring)

@: no status effects
A: small, no large weapons, nightstalker 3
a: no special abilities


You were on level 2 of the Dungeon.
You visited 1 branch of the dungeon, and saw 2 of its levels.

You collected 100 gold pieces.

Inventory:

Hand Weapons
 a - a +1 dagger (weapon)
Armour
 h - a +0 robe (worn)
Scrolls
 d - 2 scrolls of enchant weapon {unknown}
 f - a scroll of blinking {unknown}
 j - a scroll of identify {unknown}
Potions
 b - 2 potions of magic {unknown}
 c - 2 potions of invisibility
 e - a potion of flight {unknown}
 g - a potion of might {unknown}
 i - 2 potions of curing {unknown}


   Skills:
 + Level 2.0 Fighting
 + Level 1.7 Short Blades
 + Level 2.6 Dodging
 + Level 4.2 Stealth
 * Level 2.4 Spellcasting
 * Level 3.2 Hexes
 * Level 0.7 Ice Magic


You had 4 spell levels left.
You knew the following spells:

 Your Spells              Type           Power      Damage    Failure   Level
a - Ensorcelled Hibernat  Hex/Ice        16%        N/A       13%         2

Your spell library contained the following spells:

 Spells                   Type           Power      Damage    Failure   Level
 Confusing Touch          Hex            12%        N/A       16%         3
 Tukima's Dance           Hex            12%        N/A       16%         3
 Apportation              Tloc           2%         N/A       21%         1
 Dazzling Flash           Conj/Hex       14%        N/A       30%         3
 Silence                  Hex/Air        3%         N/A       95%         5
 Agony                    Necr           1%         N/A       99%         5
 Alistair's Intoxication  Tmut/Pois      0%         N/A       99%         5


Dungeon Overview and Level Annotations

Branches:
Dungeon (2/15)

Altars:

Annotations:
D:2 Crazy Yiuf


Innate Abilities, Weirdness & Mutations

You are small and have problems with some larger weapons.
You are completely attuned to the shadows.


Message History

Found 11 gold pieces.
The adder hisses angrily.
The adder bites you but does no damage.
Casting: Ensorcelled Hibernation (safe; 14% risk of failure)
Confirm with . or Enter, or press ? or * to list all spells.
Aiming: Ensorcelled Hibernation (safe; 14% risk of failure)
Press: ? - help, Shift-Dir - straight line, f - adder
Aim: an adder (chance to affect: 50%)
The adder looks drowsy...
The helpless adder fails to defend itself.
You impale the adder!!
You kill the adder!
Found a book of Party Tricks and 10 gold pieces.
You see here an adder corpse.
You now have 65 gold pieces (gained 7).
You now have 76 gold pieces (gained 11).
You now have 86 gold pieces (gained 10).
You pick up a book of Party Tricks and begin reading...
You add the spells Apportation and Alistair's Intoxication to your library.
Found an escape hatch in the floor.
There is an escape hatch in the floor here.
Found 14 gold pieces.
You now have 100 gold pieces (gained 14).
A rat comes into view.
The helpless rat fails to defend itself.
You impale the rat!!
You kill the rat!
Found a runed translucent door.
Found a hammer.
You open the door.
There is an open translucent door here.
The helpless Crazy Yiuf fails to defend himself.
You impale Crazy Yiuf!! You punch Crazy Yiuf, but do no damage.
Crazy Yiuf is almost dead.
Crazy Yiuf yells, "Mountain!
Papa water forty-two."
Crazy Yiuf hits you with a +3 quarterstaff of chaos!
Ouch! That really hurt!
* * * LOW HITPOINT WARNING * * *
Crazy Yiuf burns you.
You die...

#. #.###♣♣ #####
#.....♣♣ ♣♣#..)#
##†....P♣♣♣♣.'.@g#
##.....PP.♣..♣#...#
...#.....♣.♣♣♣#####
##...##♣♣♣♣♣ #...#
#..... #.###
#######....### #.#
#(............. #.#
#.##...........#
#.#
#.###...........


You could see Crazy Yiuf.

Vanquished Creatures
  An adder (D:2)
  2 worms (D:1)
  3 ball pythons (D:1)
  3 endoplasms (D:1)
  3 giant cockroaches (D:1)
  2 hobgoblins
  3 jackals (D:1)
  A kobold (D:1)
  2 quokkas (D:1)
  A bat (D:1)
  A frilled lizard (D:1)
  7 rats
29 creatures vanquished.

Notes
Turn   | Place    | Note
-------+----------+-------------------------------------------
     0 | D:1      | keekatzer the Kobold Enchanter began the quest for the Orb.
     0 | D:1      | Reached XP level 1. HP: 10/10 MP: 3/3
     2 | D:1      | Found a runed translucent door.
    27 | D:1      | Reached skill level 1 in Fighting
    64 | D:1      | Reached XP level 2. HP: 8/17 MP: 5/5
    78 | D:1      | Learned a level 2 spell: Ensorcelled Hibernation
   463 | D:1      | Reached XP level 3. HP: 21/21 MP: 6/6
  1213 | D:2      | Found a runed translucent door.
  1216 | D:2      | Noticed Crazy Yiuf
  1221 | D:2      | Slain by Crazy Yiuf

Illustrated notes

Levels and vault maps discovered:
D:1:      dpeg_arrival_caged_fury, layout_basic
D:2:      layout_loops_ring, hellmonk_ecumenical_altar_leap_of_faith,
          uniq_crazy_yiuf_cottage

Skill      XL: |  1  2  3 |
---------------+----------+-----
Fighting       | 1 2 |  2.0
Short Blades   | |  1.7
Dodging        | |  2.6
Stealth        | |  4.2
Spellcasting   | |  2.4
Hexes          | |  3.2
Ice Magic      | |  0.7

Action                   || total
-------------------------++-------
Melee: Dagger            ||    82
       Punch             ||     1
 Cast: Ensorcelled Hiber ||     4
 Stab: Sleeping          ||    19
Armor: Robe              ||    10
Dodge: Dodged            ||    52
